Map: At Eternity's Edge LE

Players

Lambo

  • Race: Zerg Zerg

A.I. 1 (Very Easy) - Winner!

  • Race: Terran Terran

VOD

Have the link to the VOD?

Description

Time

  • Played on: Aug. 7, 2026, 3:06 p.m.
  • Length: 8:15
Show
View Real Time Build Order
Export as new Build Order

Lambo Zerg 

Build Orders: Pool First 

Get SALT Encoding   

  8  0:00  Drone  
  9  0:11  Drone  
  10  0:18  Drone  
  11  0:26  Overlord  
  11  0:32  Drone  
  12  0:46  Drone x2  
  14  0:51  Drone  
  15  1:01  Drone  
  16  1:06  Spawning Pool  
  15  1:12  Drone  
  16  1:22  Drone  
  17  1:35  Hatchery  
  17  1:37  Drone  
  17  1:42  Extractor, Drone  
  17  1:54  Queen  
  17  1:58  Drone  
  20  2:04  Extractor, Drone  
  21  2:11  Overlord  
  21  2:30  Drone  
  21  2:31  Queen  
  21  2:33  Drone  
  25  2:41  Drone  
  26  2:48  Drone  
  26  2:50  Metabolic Boost  
  27  2:53  Drone  
  27  2:58  Drone  
  29  3:02  Drone x3  
  29  3:03  Overlord  
  32  3:13  Hatchery  
  32  3:16  Drone  
  32  3:21  Drone x2  
  36  3:27  Overlord  
  36  3:31  Queen  
  36  3:33  Drone  
  37  3:35  Drone  
  37  3:37  Drone  
  39  3:45  Drone  
  39  3:47  Drone  
  41  3:49  Queen  
  41  3:52  Overlord  
  41  3:55  Zergling x4  
  45  3:59  Drone  
  46  4:05  Roach Warren, Overlord  
  46  4:07  Zergling x4  
  47  4:14  Queen  
  49  4:18  Zergling x4  
  49  4:20  Drone x2  
  49  4:22  Overlord  
  53  4:32  Overlord  
  53  4:33  Drone x2  
  53  4:36  Drone  
  56  4:40  Overlord  
  56  4:41  Drone x4  
  60  4:47  Roach  
  60  4:51  Drone  
  60  4:52  Roach x2  
  67  4:53  Extractor  
  67  4:54  Roach x2  
  67  4:55  Drone  
  67  4:58  Drone x2  
  73  5:01  Overlord  
  73  5:03  Drone  
  73  5:06  Drone  
  75  5:11  Overlord  
  75  5:14  Drone x2  
  75  5:20  Lair  
  75  5:21  Drone x2  
  79  5:22  Drone x5  
  79  5:23  Drone  
  79  5:25  Drone  
  86  5:29  Drone x3  
  86  5:30  Extractor  
  86  5:31  Extractor  
  86  5:33  Spore Crawler  
  86  5:34  Spore Crawler  
  85  5:36  Spore Crawler, Drone  
  85  5:39  Drone x2  
  85  5:40  Drone  
  88  5:44  Drone  
  88  5:46  Evolution Chamber  
  88  5:47  Extractor x2, Evolution Chamber  
  88  5:48  Overlord  
  85  5:51  Drone  
  85  5:53  Drone x4  
  90  5:58  Drone x3  
  90  5:59  Drone x2  
  90  6:01  Drone x2  
  97  6:08  Hatchery  
  96  6:14  Zerg Missile Weapons Level 1, Zerg Ground Armor Level 1  
  96  6:18  Glial Reconstitution  
  96  6:23  Overlord, Infestation Pit  
  95  6:28  Overseer  
  95  6:29  Roach  
  97  6:33  Drone x6  
  97  6:34  Drone  
  97  6:35  Drone x3  
  107  6:44  Overlord  
  107  6:45  Drone x5  
  107  6:46  Extractor  
  111  6:50  Overlord, Extractor  
  110  6:54  Roach x3  
  110  7:00  Overlord  
  110  7:01  Overlord  
  116  7:03  Hive  
  116  7:04  Roach x4  
  116  7:08  Overlord  
  124  7:13  Roach x2, Ravager x3  
  131  7:15  Overlord x2  
  131  7:19  Infestor  
  131  7:20  Infestor  
  135  7:24  Drone x2  
  135  7:26  Spore Crawler  
  135  7:27  Infestor  
  135  7:28  Zergling x10  
  143  7:39  Drone  
  143  7:40  Drone x3  
  143  7:43  Overlord  
  147  7:48  Drone  
  147  7:49  Roach x6  
  160  7:52  Hatchery  
  160  7:56  Overlord  
  163  8:08  Spore Crawler x2  
Show
View Real Time Build Order
Export as new Build Order

A.I. 1 (Very Easy) Terran - Winner!

Build Orders:  

Get SALT Encoding   

  8  0:00  SCV  
  9  0:13  SCV  
  10  0:25  SCV  
  11  0:37  SCV  
  12  0:46  Supply Depot  
  12  0:49  SCV  
  13  1:07  SCV  
  13  1:09  Barracks  
  14  1:32  Command Center  
  14  1:52  Supply Depot  
  14  1:56  Marine  
  14  1:57  Orbital Command  
  14  2:00  Refinery  
  15  2:10  Refinery  
  15  2:22  SCV  
  16  2:34  SCV  
  17  2:46  Marine, SCV  
  17  2:48  SCV  
  20  2:59  SCV  
  20  3:02  SCV  
  22  3:11  SCV  
  23  3:17  SCV  
  24  3:24  SCV  
  24  3:25  Refinery  
  25  3:31  SCV  
  26  3:36  Marine  
  26  3:38  SCV  
  28  3:45  SCV  
  28  3:46  Factory  
  29  3:55  Barracks Tech Lab  
  29  4:02  SCV  
  30  4:08  Supply Depot  
  30  4:09  SCV  
  31  4:17  SCV  
  32  4:24  SCV  
  33  4:27  Marauder  
  36  4:31  SCV  
  36  4:32  Starport  
  36  4:36  Supply Depot  
  37  4:38  SCV  
  38  4:45  SCV  
  39  4:52  SCV  
  40  5:00  SCV  
  40  5:07  SCV  
  40  5:09  Starport Tech Lab  
  40  5:14  SCV  
  40  5:15  Refinery  
  40  5:16  Marine  
  42  5:21  SCV  
  43  5:29  SCV, Raven  
  43  5:31  Supply Depot  
  46  5:36  SCV  
  47  5:43  SCV  
  48  6:00  SCV  
  48  6:03  Raven  
  50  6:07  Marauder  
  52  6:56  Marine  
Tags
 
Add a new tag
Caveats
  • Supply blocks, unpowered buildings, or Contaminate may cause inaccurate times.
  • Supply counts are checked every 10 seconds.